 Dungeon Crawl Stone Soup version 0.23-a0-481-g60b89c1 (webtiles) character file.

2923 theanonym the Cleaver (level 9, 0/72 HPs)
             Began as a Mummy Warper on Nov 29, 2018.
             Was a Believer of Yredelemnul.
             Slain by an orc
             ... wielding a +2 dagger of electrocution
              (18 damage)
             ... on level 8 of the Dungeon.
             The game lasted 00:14:05 (10023 turns).

theanonym the Cleaver (Mummy Warper)               Turns: 10023, Time: 00:14:06

Health: 0/72       AC: 13    Str: 20    XL:     9   Next: 50%
Magic:  13/13      EV:  6    Int: 12    God:    Yredelemnul [**....]
Gold:   121        SH:  0    Dex: 12    Spells: 13/13 levels left

rFire    x . .     SeeInvis .   a - +0 battleaxe
rCold    + . .     Gourm    .   (shield currently unavailable)
rNeg     + + +     Faith    .   c - +0 plate armour
rPois    ∞         Spirit   .   (no helmet)
rElec    .         Reflect  .   g - +0 cloak
rCorr    .         Harm     .   b - +1 pair of gloves {Str+3}
MR       ++...                  (no boots)
Stlth    ..........             (no amulet)
HPRegen  0.22/turn              m - ring of protection from magic
MPRegen  0.13/turn              (no ring)

@: no status effects
A: no food or potions, fire vulnerability, cold resistance 1, negative energy
resistance 3, torment resistance, unbreathing
a: Animate Remains, Recall Undead Slaves, Injury Mirror, Renounce Religion


Innate Abilities, Weirdness & Mutations

You do not eat or drink.
Your flesh is vulnerable to fire.
You are immune to poison.
Your flesh is cold resistant. (rC+)
You are immune to negative energy. (rN+++)
You are immune to unholy pain and torment.
You can survive without breathing.


   Skills:
 + Level 7.4 Fighting
 * Level 8.8 Axes
 - Level 0.7 Throwing
 - Level 0.7 Armour
 - Level 1.5 Dodging
   Level 1.3 Shields
 - Level 2.6 Spellcasting
   Level 2.4 Translocations
 - Level 3.0 Invocations


You had 13 spell levels left.
You didn't know any spells.
Your spell library contained the following spells:

 Spells                   Type           Power        Failure   Level  Hunger
 Blink                    Tloc           N/A          99%         2    N/A
 Shroud of Golubria       Chrm/Tloc      #.........   100%        2    N/A
 Gell's Gravitas          Tloc           #.........   100%        3    N/A
 Lesser Beckoning         Tloc           #.........   100%        3    N/A
 Teleport Other           Tloc           #.......     100%        3    N/A
 Passage of Golubria      Tloc           N/A          100%        4    N/A

Skill      XL: |  1  2  3  4  5  6  7  8  9 |
---------------+----------------------------+-----
Axes           | 2 3 4 5 6 7 8 |  8.8
Fighting       | 3 4 5 6 7 |  7.4
Invocations    | 1 2 3 |  3.0
Shields        | 1 |  1.3
Throwing       | |  0.7
Armour         | |  0.7
Dodging        | |  1.5
Spellcasting   | |  2.6
Translocations | |  2.4

Action                   |  1- 3 |  4- 6 |  7- 9 || total
-------------------------+-------+-------+-------++-------
Melee: Hand axe          |   105 |   172 |   146 ||   423
       War axe           |       |       |    69 ||    69
       Battleaxe         |       |       |    98 ||    98
Throw: Tomahawk          |       |     1 |       ||     1
       Throwing net      |       |     1 |       ||     1
Invok: Animate Remains   |       |     6 |    25 ||    31
       Injury Mirror     |       |       |     1 ||     1
  Use: Scroll            |     1 |     9 |     8 ||    18
 Stab: Distracted        |       |       |     1 ||     1
Armor: Leather armour    |    20 |       |       ||    20
       Scale mail        |    23 |    81 |       ||   104
       Ring mail         |     2 |       |       ||     2
       Chain mail        |       |       |    89 ||    89
       Plate armour      |       |       |   113 ||   113
Dodge: Dodged            |    91 |    76 |   105 ||   272
Block: Buckler           |       |       |    19 ||    19

Inventory:

Hand Weapons
 a - a +0 battleaxe (weapon)
   (You took it off a wight on level 6 of the Dungeon)
Missiles
 e - 4 tomahawks of dispersal (quivered)
 p - a throwing net
Armour
 b - a +1 pair of gloves of strength (worn)
   (You bought it in a shop on level 7 of the Dungeon)
 c - a +0 plate armour (worn)
   (You found it on level 6 of the Dungeon)
 f - a scarf of cloud immunity
   (You found it on level 5 of the Dungeon)
 g - a +0 cloak (worn)
   (You found it on level 5 of the Dungeon)
Jewellery
 m - a ring of protection from magic (left hand)
   (You found it on level 4 of the Dungeon)
Scrolls
 d - a scroll of enchant weapon
 l - a scroll of amnesia
 n - 7 scrolls of remove curse
 t - 2 scrolls of teleportation {!r}
 y - 2 scrolls of magic mapping


You were on level 8 of the Dungeon.
You worshipped Yredelemnul.
Yredelemnul was pleased with you.
You were not hungry.

You visited 1 branch of the dungeon, and saw 8 of its levels.

You collected 319 gold pieces.
You spent 198 gold pieces at shops.

Dungeon Overview and Level Annotations

Branches:
Dungeon (8/15)             Temple (0/1) D:4
   Lair: D:8-11

Altars:
Trog
Yredelemnul
The Shining One

Shops:
D:4 !   D:7 %[

Annotations:
D:6 3 runed doors, Jawreze's ghost, novice DrTm; Karim's ghost, amateur NaFi; michailiordanis's ghost, novice GrFi

#.#########.................<.##.
.#.# #...........#######.....
###.######...............# ##.#.#
# ##.................###.## #.#.#
###.#######....)...>.##...###.#.#
Z#Z## ####.........)......#.#
#.## #.o...#.##...###.#.# ###
#######o###.###.## #.#.#
......)@..........##.#.#
#######.######.......#<#
#................#
###########....... ########


You could see 2 orcs.

Notes
Turn   | Place    | Note
-------+----------+-------------------------------------------
     0 | D:1      | theanonym the Mummy Warper began the quest for the Orb.
     0 | D:1      | Reached XP level 1. HP: 16/16 MP: 4/4
    19 | D:1      | Reached skill level 2 in Axes
    22 | D:1      | Reached XP level 2. HP: 14/22 MP: 5/5
   240 | D:1      | HP: 11/22 [leopard gecko (2)]
   735 | D:1      | Reached XP level 3. HP: 28/28 MP: 7/7
  1306 | D:2      | Reached skill level 3 in Axes
  1322 | D:2      | Reached XP level 4. HP: 24/34 MP: 8/8
  1427 | D:2      | Reached skill level 3 in Fighting
  1687 | D:2      | Found a basalt altar of Yredelemnul.
  1695 | D:2      | Became a worshipper of Yredelemnul the Dark
  1710 | D:2      | HP: 17/35 [worm (2)]
  2418 | D:3      | Reached * piety under Yredelemnul
  2680 | D:4      | Reached XP level 5. HP: 41/41 MP: 9/9
  2691 | D:4      | Found a staircase to the Ecumenical Temple.
  2691 | D:4      | Noticed an ogre
  2756 | D:4      | Noticed a centaur
  2865 | D:4      | HP: 17/41 [centaur/arrow (10)]
  3639 | D:4      | Reached skill level 4 in Axes
  3795 | D:4      | Killed an ogre
  3795 | D:4      | Reached skill level 1 in Invocations
  3795 | D:4      | Reached XP level 6. HP: 37/48 MP: 10/10
  3800 | D:4      | HP: 19/48 [orc/+0 mace (7)]
  3810 | D:4      | HP: 9/48 [orc priest/divine providence (11)]
  4175 | D:4      | HP: 22/48 [orc priest (3)]
  4370 | D:4      | Found Oram's Distillery.
  4411 | D:4      | Noticed Natasha
  4418 | D:4      | Killed Natasha
  4418 | D:4      | Reached skill level 4 in Fighting
  4633 | D:4      | Noticed Natasha
  4651 | D:4      | Killed Natasha
  4651 | D:4      | Reached skill level 2 in Invocations
  4741 | D:4      | Noticed Natasha
  4748 | D:4      | Killed Natasha
  5020 | D:4      | Found a staircase to the Ecumenical Temple.
  5646 | D:4      | Found Oram's Distillery.
  5711 | D:5      | Entered Level 5 of the Dungeon
  5783 | D:5      | Reached skill level 5 in Axes
  5783 | D:5      | Reached XP level 7. HP: 55/55 MP: 11/11
  5882 | D:5      | Found a bloodstained altar of Trog.
  6227 | D:5      | Reached skill level 5 in Fighting
  6232 | D:5      | Reached ** piety under Yredelemnul
  6523 | D:6      | Reached skill level 6 in Axes
  6596 | D:6      | HP: 15/56 [ogre/+0 giant spiked club (25)]
  6597 | D:6      | Reached XP level 8. HP: 17/63 MP: 10/12
  6705 | D:6      | HP: 26/63 [centaur/arrow (7)]
  7094 | D:6      | Reached skill level 6 in Fighting
  7094 | D:6      | Reached skill level 7 in Axes
  7119 | D:6      | Noticed Sigmund
  7130 | D:6      | Killed Sigmund
  7130 | D:6      | Reached skill level 1 in Shields
  7238 | D:6      | Found a runed gate.
  7238 | D:6      | Found a runed gate.
  7239 | D:6      | Found a runed gate.
  7292 | D:6      | Noticed michailiordanis's ghost (novice GrFi)
  7327 | D:6      | Noticed Karim's ghost (amateur NaFi)
  7327 | D:6      | Noticed Jawreze's ghost (novice DrTm)
  7739 | D:7      | Found Ytioch's Armour Emporium.
  7742 | D:7      | Bought a +1 pair of gloves of strength for 198 gold pieces
  7777 | D:7      | Reached skill level 3 in Invocations
  8068 | D:6      | Reached XP level 9. HP: 53/71 MP: 13/13
  8072 | D:6      | HP: 35/71 [wight/+0 battleaxe (7)]
  8256 | D:7      | HP: 33/71 [ogre/+0 giant club (12)]
  8511 | D:7      | Found Pustinum's Food Emporium.
  8532 | D:7      | Reached skill level 8 in Axes
  8533 | D:7      | HP: 33/71 [centaur/arrow (11)]
  9190 | D:8      | Reached skill level 7 in Fighting
  9221 | D:8      | Noticed Joseph
  9231 | D:8      | HP: 35/72 [Joseph/+0 quarterstaff (7)]
  9234 | D:8      | HP: 16/72 [Joseph/+0 quarterstaff (6)]
  9238 | D:8      | HP: 1/72 [Joseph/+0 quarterstaff (9)]
  9590 | D:8      | Killed Joseph
  9600 | D:8      | HP: 29/72 [acid (9)]
  9918 | D:8      | Found a glowing golden altar of the Shining One.
  9940 | D:8      | HP: 27/72 [orc warrior/+0 glaive (14)]
  9941 | D:8      | HP: 3/72 [orc warrior/+0 glaive (12)]
 10023 | D:8      | HP: 18/72 [orc/+2 dagger of electrocution (4)]
 10023 | D:8      | Slain by an orc

Vanquished Creatures
  Joseph (D:8)
  Sigmund (D:6)
  2 ice beasts
  A sky beast (D:6)
  A necrophage (D:8)
  3 ogres
  2 centaurs
  4 bullfrogs
  2 scorpions (D:4)
  A wight (D:6)
  2 howler monkeys (D:6)
  4 crimson imps
  4 hounds
  2 jellies
  2 orc priests
  2 iguanas
  Natasha (twice) (D:4)
  An orc wizard (D:3)
  3 worker ants
  2 hound zombies
  10 adders
  An adder skeleton (D:4)
  3 worms
  3 dart slugs (D:1)
  6 leopard geckos
  21 orcs
  3 ball pythons
  8 bats
  5 giant cockroaches
  8 goblins
  10 hobgoblins
  12 jackals
  9 kobolds
  A quokka (D:2)
  4 frilled lizards
  A giant cockroach zombie (D:6)
  A leopard gecko skeleton (D:7)
  8 rats
156 creatures vanquished.

Vanquished Creatures (collateral kills)
  2 ice beasts
  An ogre (D:6)
  A centaur (D:6)
  2 wights (D:6)
  2 hounds (D:6)
  An orc wizard (D:5)
  Natasha (D:4)
  An adder (D:8)
  4 orcs
  A frilled lizard (D:5)
16 creatures vanquished.

Vanquished Creatures (others)
  A bullfrog zombie (D:8)
  A necrophage skeleton (D:8)
  A howler monkey zombie (D:6)
  A scorpion zombie (D:4)
  An adder zombie (D:8)
  A frilled lizard zombie (D:4)
  An orc zombie (D:8)
  3 withered plants (D:6)
10 creatures vanquished.

Grand Total: 182 creatures vanquished

Table legend:
 A = Turns spent in this place as a percentage of turns spent in the entire game.
 B = Non-inter-level travel turns spent in this place as a percentage of non-inter-level travel turns spent in the entire game.
 C = Inter-level travel turns spent in this place as a percentage of turns spent in this place.
 D = Turns resting spent in this place as a percentage of non-inter-level travel turns spent in this place.
 E = Turns spent auto-exploring this place as a percentage of non-inter-level travel turns spent in this place.
 F = Non-inter-level travel turns spent in this place divided by the number of levels of this place that you've seen.
                   A       B       C       D       E      F
               +-------+-------+-------+-------+-------+----------------------
         Total | 100.0 | 100.0 |   4.6 |  42.8 |  41.8 | 1195.1
       Dungeon | 100.0 | 100.0 |   4.6 |  42.8 |  41.8 | 1195.1
               +-------+-------+-------+-------+-------+----------------------
